 Seeded DCSS version 0.29.1-15-g9cfb28693d (webtiles) character file.

Game seed: 13153279757065922515 (custom seed)

311 Psyclone the Thaumaturge (level 6, 0/32 HPs)
             Began as a Deep Elf Fire Elementalist on Sept 24, 2023.
             Slain by a water moccasin (7 damage)
             ... on level 4 of the Dungeon.
             The game lasted 00:07:30 (4809 turns).

Psyclone the Thaumaturge (DEFE)                     Turns: 4809, Time: 00:07:30

Health: 0/32       AC:  2    Str:  5    XL:     6   Next: 18%
Magic:  16/19      EV: 12    Int: 22    God:
Gold:   138        SH:  0    Dex: 15    Spells: 12/22 levels left

rFire   . . .      SeeInvis .   a - staff of conjuration
rCold   . . .      Faith    .   (no shield)
rNeg    . . .      Spirit   .   p - +0 robe
rPois   .          Reflect  .   (no helmet)
rElec   .          Harm     .   (no cloak)
rCorr   .          Rampage  .   (no gloves)
Will    .....                   (no boots)
Stlth   ++........              (no amulet)
HPRegen 0.10/turn               (no ring)
MPRegen 0.16/turn               (no ring)

@: no status effects
A: no striking features
a: no special abilities


You were on level 4 of the Dungeon.
You visited 1 branch of the dungeon, and saw 4 of its levels.

You collected 138 gold pieces.

Inventory:

Hand Weapons
 e - a +0 dagger
Missiles
 j - a throwing net {!f}
Armour
 p - a +0 robe (worn)
Magical Staves
 a - a staff of conjuration (weapon)
 q - a staff of poison
 r - a staff of cold
Wands
 t - a wand of flame (7)
Scrolls
 f - a scroll of vulnerability {unknown}
 h - 5 scrolls of identify {unknown}
 i - 3 scrolls of teleportation {unknown}
 k - a scroll of butterflies {unknown}
 l - a scroll of immolation {unknown}
 m - a scroll of magic mapping {unknown}
 n - a scroll of enchant armour {unknown}
 o - a scroll of amnesia {unknown}
Potions
 b - 2 potions of magic
 c - 3 potions of invisibility {unknown}
 d - a potion of haste {unknown}
 g - a potion of mutation {unknown}
 s - a potion of brilliance {unknown}
 v - a potion of lignification {unknown}


   Skills:
 - Level 2.4 Dodging
 - Level 2.4 Stealth
 + Level 8.8 Spellcasting
 - Level 1.1 Conjurations
 - Level 3.2 Fire Magic


You had 12 spell levels left.
You knew the following spells:

 Your Spells              Type           Power      Damage    Failure   Level
a - Foxfire               Conj/Fire      100%       2x1d9     2%          1
b - Scorch                Fire           48%        2d7       2%          2
c - Conjure Flame         Conj/Fire      29%        6-21      9%          3
d - Flame Wave            Conj/Fire      29%        2d9       28%         4

Your spell library contained the following spells:

 Spells                   Type           Power      Damage    Failure   Level
 Summon Small Mammal      Summ           36%        N/A       7%          1
 Inner Flame              Hex/Fire       16%        N/A       11%         3
 Call Canine Familiar     Summ           9%         N/A       21%         3
 Summon Guardian Golem    Hex/Summ       9%         N/A       21%         3


Dungeon Overview and Level Annotations

Branches:
Dungeon (4/15) Zot: 19192  Temple (0/1) D:4

Altars:
Dithmenos
Qazlal

Shops:
D:2 (


Message History

You take 8 damage, and have 21/32 hp.
MASSIVE DAMAGE!!
You now have 17/19 mp.
Casting: Foxfire (safe; 2% risk of failure)
Confirm with . or Enter, or press ? or * to list all spells.
You feel a surge of power!
There is not enough space to conjure foxfire!
Your foxfire dissipates!
You feel very sick.
The foxfire hits the water moccasin!
The water moccasin is moderately wounded.
The foxfire hits the water moccasin.
The water moccasin is heavily wounded.
The foxfire hits the water moccasin.
The water moccasin is heavily wounded.
The water moccasin bites you.
You take 8 damage, and have 13/32 hp.
MASSIVE DAMAGE!!
Casting: Foxfire (safe; 2% risk of failure)
Confirm with . or Enter, or press ? or * to list all spells.
You feel a surge of power!
You conjure some foxfire!
You feel sick. The water moccasin closely misses you.
You take 2 damage, and have 11/32 hp.
You now have 16/19 mp.
Your foxfire dissipates!
You feel sick.
The foxfire hits the hobgoblin!
You kill the hobgoblin!
A jackal comes into view.
The water moccasin bites you but does no damage.
The jackal moves out of view.
You take 1 damage, and have 10/32 hp.
The water moccasin attacks as you move away!
The water moccasin bites you!
* * * LOW HITPOINT WARNING * * *
x2 You feel sick.
You take 9 damage, and have 1/32 hp.
MASSIVE DAMAGE!!
It was a potion of curing.
You feel better. The water moccasin bites you.
* * * LOW HITPOINT WARNING * * *
You regained 6 hp, and now have 7/32 hp.
Casting: Foxfire (safe; 2% risk of failure)
Confirm with . or Enter, or press ? or * to list all spells.
You feel a surge of power!
You conjure some foxfire!
The water moccasin misses you. The water moccasin bites you!
You die...

#.....# ##
####### ....#
.h...#
###[....#
#.'..>g.'
##.#.....#
##########.)#
....#
......v@Sg..#
...#
##.####v###.#
### #.# #.#
#.# #.# #.#
#.# #.# #.#
#.# #.# ##.#
#.# #.# #..#
#.# ##.###.##
#.# #.#
####...##.#
#.# #.# #.#


You could see a water moccasin (ally target) and a goblin.

Vanquished Creatures
  A necrophage (D:4)
  An orc priest (D:4)
  An iguana (D:4)
  An orc wizard (D:4)
  A gnoll (D:1)
  6 adders
  A worm (D:2)
  2 dart slugs
  6 orcs (D:4)
  8 endoplasms
  7 giant cockroaches
  12 goblins
  9 hobgoblins
  4 jackals (D:1)
  2 kobolds (D:1)
  2 quokkas (D:2)
  6 ball pythons
  7 bats
  4 frilled lizards
  11 rats
92 creatures vanquished.

Vanquished Creatures (others)
  495 foxfires
495 creatures vanquished.

Grand Total: 587 creatures vanquished

Notes
Turn   | Place    | Note
-------+----------+-------------------------------------------
     0 | D:1      | Psyclone the Deep Elf Fire Elementalist began the quest for
                  | the Orb.
     0 | D:1      | Reached XP level 1. HP: 10/10 MP: 6/6
    55 | D:1      | Reached skill level 4 in Spellcasting
    55 | D:1      | Reached XP level 2. HP: 15/15 MP: 5/9
   437 | D:1      | Found a faded altar of an unknown god.
   571 | D:1      | Reached XP level 3. HP: 19/19 MP: 9/11
   574 | D:1      | Learned a level 2 spell: Scorch
   618 | D:1      | Reached skill level 5 in Spellcasting
  1199 | D:2      | Found Aliloud's Weapon Emporium.
  1277 | D:2      | Found a stormy altar of Qazlal.
  1636 | D:2      | Reached skill level 6 in Spellcasting
  1636 | D:2      | Reached XP level 4. HP: 17/24 MP: 11/14
  3557 | D:3      | Reached skill level 7 in Spellcasting
  3762 | D:3      | Found a shadowy altar of Dithmenos.
  3889 | D:3      | Reached XP level 5. HP: 28/28 MP: 13/16
  4431 | D:4      | Learned a level 3 spell: Conjure Flame
  4436 | D:4      | Learned a level 4 spell: Flame Wave
  4515 | D:4      | Reached skill level 8 in Spellcasting
  4643 | D:4      | Reached XP level 6. HP: 32/32 MP: 13/19
  4799 | D:4      | Found a staircase to the Ecumenical Temple.
  4799 | D:4      | Noticed a water moccasin
  4807 | D:4      | HP: 1/32 [poisoned by a water moccasin]
  4809 | D:4      | Slain by a water moccasin

Illustrated notes

Levels and vault maps discovered:
D:1:      amcnicky_arrival_gap_in_the_tavern_cellar, layout_loops_ring,
          hellmonk_ecumenical_altar_crossroads
D:2:      minmay_thinvault, layout_loops_ring, serial_shops,
          nicolae_shop_bloodbath_and_beyond, basic_altar, minivault_14,
          minivault_23
D:3:      layout_basic, nicolae_dithmenos_the_darkroom
D:4:      layout_loops_ring, temple_green, corner_web_ring, corexii_checkpoint_a

Skill      XL: |  1  2  3  4  5 |
---------------+----------------+-----
Spellcasting   | 4 6 7 8 |  8.8
Dodging        | |  2.4
Stealth        | |  2.4
Conjurations   | |  1.1
Fire Magic     | |  3.2

Action                   |  1- 3 |  4- 6 || total
-------------------------+-------+-------++-------
 Cast: Foxfire           |   107 |   192 ||   299
  Use: Potion            |       |     1 ||     1
Armor: Robe              |       |    11 ||    11
Dodge: Dodged            |     6 |    25 ||    31
